 Dungeon Crawl Stone Soup version 0.27-a0-3-gcf006a40f5 (webtiles) character file.

Game seed: 2023384909726014520

50260 Tarl the Fighter (level 14, -3/71 HPs)
             Began as a Vine Stalker Berserker on Jan 1, 2021.
             Was the Champion of Trog.
             Killed by the air
             ... invoked by a wind drake
              (8 damage)
             ... on level 6 of the Lair of Beasts.
             The game lasted 01:11:38 (15522 turns).

Tarl the Fighter (Vine Stalker Berserker)          Turns: 15522, Time: 01:11:39

Health: -3/71      AC: 26    Str: 22    XL:     14   Next: 54%
Magic:  0/15       EV: 14    Int:  7    God:    Trog [******]
Gold:   1253       SH: 20    Dex: 28    Spells: 13/13 levels left

rFire    + + +     SeeInvis .   b - +5 dagger (vamp)
rCold    . . .     Faith    .   N - +1 tower shield {rF+}
rNeg     . . .     Spirit   +   D - +6 fire dragon scales of the Vacuum {rF++ rC- Will- Regen+ Dex+8 Stlth-}
rPois    +         Reflect  .   (no helmet)
rElec    +         Harm     .   y - +2 cloak {rCorr}
rCorr    +         Rampage  .   L - +1 pair of gloves
Will     .....                  E - +1 pair of boots {Fly}
Stlth    ..........             h - amulet of Ivvaosma {rPois rC+ Regen+ Dex+3}
HPRegen  1.81/turn              W - +4 ring of slaying
MPRegen  0.14/turn              U - ring of protection from fire

@: berserk cooldown, flying, slowed, very slow
A: fangs 3, frail 1, sense surroundings 1, regeneration 2, electricity
resistance, magic shield, antimagic bite, no potion heal 3
a: Stop Flying, Renounce Religion, Berserk, Trog's Hand, Brothers in Arms


You were on level 6 of the Lair of Beasts.
You worshipped Trog.
Trog was exalted by your worship.
You visited 3 branches of the dungeon, and saw 17 of its levels.
You also visited: Ossuary, Bailey and Gauntlet.

You collected 1253 gold pieces.

Inventory:

Hand Weapons
 a - a +5 quick blade of flaming
 b - a +5 vampiric dagger (weapon)
 c - a +0 scimitar of flaming
 i - a +1 antimagic rapier
 j - the +10 arbalest "Kodan" {freeze, rF+ MP+9 Dex+2, unknown}
   (You found it on level 2 of the Lair of Beasts)

   It causes projectiles fired from it to freeze those they strike, causing
   extra injury to most foes and up to half again as much damage against
   particularly susceptible opponents.
   They can also slow down cold-blooded creatures.
   It affects your dexterity (+2).
   It protects you from fire.
   It affects your magic capacity (+9).
 T - a +4 antimagic spear
 X - a +1 vorpal dagger
Missiles
 n - 18 javelins
 M - 15 boomerangs (quivered)
 R - 8 throwing nets
Armour
 o - a +2 pair of boots
 r - a +2 cloak
 y - a +2 cloak of preservation (worn)
 B - the +0 pair of boots "Cuiframo" {rF++ rN+ Dex-4}
   (You found it in a Gauntlet)

   It affects your dexterity (-4).
   It greatly protects you from fire.
   It protects you from negative energy.
 D - the +6 fire dragon scales of the Vacuum (worn) {rF++ rC- Will- Regen+ Dex+8 Stlth-}
   (You took it off a minotaur in a Gauntlet)

   It affects your dexterity (+8).
   It greatly protects you from fire.
   It makes you vulnerable to cold.
   It affects your willpower, your defense against some magical effects.
   It increases your rate of regeneration.
   It makes you less stealthy.
 E - a +1 pair of boots of flying (worn)
 H - a +2 cloak of willpower
 I - the +5 scale mail "Cusiarph" {rCorr Str+2}
   (You found it on level 6 of the Dungeon)

   It affects your strength (+2).
   It provides partial protection from all sources of acid and corrosion.
 K - a +3 plate armour of cold resistance
 L - a +1 pair of gloves (worn)
 N - a +1 tower shield of fire resistance (worn)
 S - a +0 buckler
Jewellery
 d - an uncursed ring of ice
 f - an uncursed amulet of regeneration {unknown}
 h - the amulet of Ivvaosma (around neck) {rPois rC+ Regen+ Dex+3}
   (You acquired it on level 6 of the Dungeon)

   [amulet of regeneration]

   It affects your dexterity (+3).
   It protects you from cold.
   It protects you from poison.
   It increases your rate of regeneration.
 J - an uncursed ring of resist corrosion
 U - a ring of protection from fire (right hand)
 V - an uncursed amulet of faith {unknown}
 W - a +4 ring of slaying (left hand)
Wands
 p - a wand of acid (6)
 q - a wand of digging (7)
 t - a wand of flame (58)
 w - a wand of paralysis (7)
 C - a wand of iceblast (14)
Scrolls
 e - 7 scrolls of remove curse
 k - 2 scrolls of fog
 l - 9 scrolls of teleportation
 s - 17 scrolls of identify
 u - a scroll of fear
 O - 2 scrolls of magic mapping
Potions
 g - a potion of flight {unknown}
 x - 4 potions of curing
 z - 2 potions of resistance
 A - 2 potions of ambrosia
 F - 2 potions of haste
 G - 4 potions of might
 P - 3 potions of mutation
Miscellaneous
 v - a phial of floods
 Q - a lightning rod (4/4)


   Skills:
 + Level 11.8 Fighting
 - Level 8.1 Short Blades
 - Level 4.6 Throwing
 + Level 10.6 Armour
 - Level 7.9 Dodging
 - Level 0.4 Stealth
 * Level 11.1 Shields


You had 13 spell levels left.
You didn't know any spells.
Your spell library contained the following spells:

 Spells                   Type           Power        Failure   Level
 Corona                   Hex            0%           100%        1
 Ensorcelled Hibernation  Hex/Ice        0%           100%        2
 Confusing Touch          Hex            0%           100%        3
 Dazzling Flash           Conj/Hex       0%           100%        3
 Tukima's Dance           Hex            0%           100%        3
 Airstrike                Air            0%           100%        4
 Summon Lightning Spire   Summ/Air       0%           100%        4
 Lightning Bolt           Conj/Air       0%           100%        5


Dungeon Overview and Level Annotations

Branches:
Dungeon (10/15)            Temple (1/1) D:4            Lair (6/6) D:9
 Shoals (0/4) Lair:4       Spider (0/4) Lair:3      Ossuary (visited)
 Bailey (visited)         Gauntlet (visited)
  Slime: Lair:5-6       Orc: D:9-12

Altars:
Ashenzari
Fedhas
Hepliaklqana
Kikubaaqudgha
Makhleb
Okawaru
Ru
Sif Muna
Trog
Uskayaw
Vehumet
Wu Jian
Yredelemnul
Zin
The Shining One

Shops:
D:8 =:}=

Annotations:
D:3 1 runed translucent door, 2 transporters
D:4 3 runed translucent doors, Asceticacid's ghost, novice OgBe
D:8 2 transporters, SolusNox's ghost, novice TrMo


Innate Abilities, Weirdness & Mutations

You have razor-sharp teeth.
You heal very quickly.
When hurt, damage is shared between your health and your magic reserves.
Your bite disrupts and absorbs the magic of your enemies.
Potions cannot restore your health.
You are frail. (-10% HP)
You passively map a small area around you.
You are resistant to electric shocks. (rElec)


Message History

You block the water moccasin's attack.
The hornet buzzes angrily.
You hit the water moccasin but do no damage.
You bite the water moccasin! You drain its power.
You feel invigorated.
The water moccasin is moderately wounded.
The wind drake flaps its wings at you.
The air twists around and violently strikes you in flight!
* * * LOW HITPOINT WARNING * * *
You block the blink frog's attack. You block the water moccasin's attack.
The five-headed hydra misses you.
You block the five-headed hydra's attack. x2
The five-headed hydra bites you!
* * * LOW HITPOINT WARNING * * *
The five-headed hydra bites you but does no damage.
Blink to where?
Press: ? - help, Dir - move target
As you read the scroll of blinking, it crumbles to dust.
The wind drake flaps its wings at you.
The air twists around and violently strikes you in flight!
You die...

#≈########..###### *
.≈#≈≈8#8≈≈≈≈≈≈≈≈≈# ≈#≈
≈≈≈P≈≈#≈≈≈##≈≈≈≈≈# ≈≈≈ ≈
, ,
≈P#≈≈≈#≈≈≈≈≈≈≈≈≈≈#≈≈≈
≈≈≈ ,
#≈.≈≈≈#≈≈≈≈≈k≈≈≈≈#≈≈ ≈≈#
.≈#≈≈≈≈≈≈≈[(D)≈≈≈#≈ ≈#≈#
P≈≈≈8P≈y≈≈=≈§$≈#≈.≈≈≈≈≈≈
* *
≈≈≈≈8≈≈≈≈P!≈≈F≈S≈#≈≈≈≈≈≈
#P#P≈≈≈≈≈≈$)?}≈≈@.≈#≈
.≈.≈≈≈#≈≈≈≈≈≈≈≈≈≈#≈P≈≈≈#
≈≈#≈≈ #≈≈≈≈≈≈≈≈≈≈#≈≈≈≈P≈
≈≈≈≈P≈#≈≈≈≈≈≈≈≈≈≈# ≈P≈≈≈
#≈#≈ #8≈≈≈≈≈≈≈≈8# .≈#
≈.# ############ ≈# ≈≈≈≈
≈ ≈ ≈ , , ≈≈ ≈ ≈≈ , #≈ ,


You could see a five-headed hydra, a wind drake (repels missiles), a blink frog
and a water moccasin.

Vanquished Creatures
  A merfolk avatar (Lair:6)
  2 boulder beetles
  Erica (D:9)
  5 hydras
  A two-headed ogre (D:8)
  A death yak (Lair:6)
  Nergalle (D:10)
  A sea snake (Lair:6)
  3 sixfirhies (Gauntlet)
  2 unseen horrors
  Pikel (D:4)
  A wolf spider (Lair:3)
  A manticore (Lair:4)
  7 elephants
  3 black mambas
  17 cane toads
  A gargoyle (D:10)
  A torpor snail (Lair:6)
  5 komodo dragons
  A troll (D:10)
  A hornet (Lair:6)
  3 polar bears
  2 jumping spiders (Lair:3)
  A wind drake (Lair:4)
  Grinder (D:5)
  32 blink frogs
  60 yaks
  A wyvern (Lair:4)
  A redback (Lair:3)
  A wraith (Ossuary)
  6 shadows (Gauntlet)
  4 basilisks
  Grum (D:10)
  15 water moccasins
  Duvessa (D:4)
  2 ice beasts (D:9)
  3 orc warriors
  4 black bears
  6 ogres
  13 wolves
  A phantom (D:6)
  A centaur (D:9)
  A big kobold (D:8)
  20 bullfrogs
  8 gnoll sergeants (Bailey)
  Dowan (D:4)
  6 scorpions
  13 killer bees
  A water moccasin skeleton (D:10)
  2 howler monkeys
  A bullfrog zombie (D:7)
  2 centaur zombies
  9 hounds
  2 jellies (D:9)
  6 gnoll shamans (Bailey)
  2 centaur skeletons
  A human zombie (Ossuary)
  2 bullfrog skeletons
  Ijyb (D:5)
  Terence (D:3)
  An iguana (D:6)
  9 orc wizards
  3 worker ants (D:5)
  A bullfrog simulacrum (D:9)
  3 mummies (Ossuary)
  A worker ant zombie (D:5)
  21 gnolls
  11 adders
  3 shadow imps
  A white imp (D:5)
  4 ufetubi
  2 oozes
  4 worms
  An adder skeleton (D:5)
  2 dart slugs (D:1)
  5 leopard geckos
  30 orcs
  5 giant cockroaches
  11 goblins
  8 hobgoblins
  4 jackals
  23 kobolds
  7 quokkas
  3 ball pythons
  11 bats
  6 frilled lizards
  2 goblin zombies (Ossuary)
  2 hobgoblin zombies (Ossuary)
  3 kobold zombies
  A leopard gecko skeleton (D:4)
  A leopard gecko zombie (D:7)
  11 rats
495 creatures vanquished.

Vanquished Creatures (collateral kills)
  A minotaur (Gauntlet)
1 creature vanquished.

Vanquished Creatures (others)
  14 demonic plants (Gauntlet)
  63 fungi
  69 plants
146 creatures vanquished.

Grand Total: 642 creatures vanquished

Notes
Turn   | Place    | Note
-------+----------+-------------------------------------------
     0 | D:1      | Tarl the Vine Stalker Berserker began the quest for the
                  | Orb.
     0 | D:1      | Reached XP level 1. HP: 11/11 MP: 2/2
   329 | D:1      | Reached XP level 2. HP: 7/16 MP: 1/3
   930 | D:1      | Reached XP level 3. HP: 20/20 MP: 4/4
  1150 | D:1      | Reached ** piety under Trog
  1350 | D:2      | Found a sacrificial altar of Ru.
  1604 | D:2      | Gained mutation: Your natural rate of healing is unusually
                  | fast. [Vine Stalker growth]
  1604 | D:2      | Reached XP level 4. HP: 21/24 MP: 5/5
  2198 | D:2      | Reached XP level 5. HP: 25/28 MP: 6/6
  2377 | D:2      | Found an iron altar of Okawaru.
  2456 | D:3      | Noticed an ogre
  2460 | D:3      | Killed an ogre
  2461 | D:3      | Reached skill level 1 in Throwing
  2461 | D:3      | Reached XP level 6. HP: 33/33 MP: 7/7
  2507 | D:3      | Noticed a human
  2508 | D:3      | Found a runed translucent door.
  2530 | D:3      | Reached *** piety under Trog
  2605 | D:3      | Found a basalt altar of Yredelemnul.
  2632 | D:3      | Found a broken altar of Ashenzari.
  2842 | D:3      | Found a blossoming altar of Fedhas.
  3076 | D:3      | Found a transporter.
  3112 | D:3      | You fall into a shaft and drop 3 floors!
  3113 | D:6      | Noticed a phantom
  3151 | D:6      | Killed a phantom
  3309 | D:6      | Found a sand-covered staircase.
  3314 | Ossuary  | Entered an ossuary
  3314 | Ossuary  | Noticed a wraith
  3314 | Ossuary  | Noticed a wraith
  3314 | Ossuary  | Noticed a wraith
  3549 | Ossuary  | Reached XP level 7. HP: 27/37 MP: 5/8
  3741 | Ossuary  | Noticed a wraith
  3782 | Ossuary  | Killed a wraith
  4033 | D:5      | Entered Level 5 of the Dungeon
  4036 | D:5      | Found a burning altar of Makhleb.
  4111 | D:5      | Noticed Ijyb
  4124 | D:5      | Noticed Grinder
  4133 | D:5      | Killed Ijyb
  4144 | D:5      | Killed Grinder
  4145 | D:5      | Gained mutation: You have razor-sharp teeth. [Vine Stalker
                  | growth]
  4145 | D:5      | Reached XP level 8. HP: 42/42 MP: 7/9
  4167 | D:5      | Got a shimmering trident
  4193 | D:5      | Found a bloodstained altar of Trog.
  4274 | D:5      | Reached **** piety under Trog
  4412 | D:5      | Found an ancient bone altar of Kikubaaqudgha.
  4412 | D:5      | Found an ornate altar of the Wu Jian Council.
  4413 | D:5      | Found an iron altar of Okawaru.
  4440 | D:5      | Reached skill level 5 in Short Blades
  4510 | D:5      | Found a radiant altar of Vehumet.
  4510 | D:5      | Found a hazy altar of Hepliaklqana.
  4958 | D:4      | Noticed Dowan
  4959 | D:4      | Noticed Duvessa
  4978 | D:4      | Killed Dowan
  4979 | D:4      | Reached skill level 5 in Fighting
  4980 | D:4      | Killed Duvessa
  5042 | D:4      | Found a runed translucent gate.
  5042 | D:4      | Found a runed translucent gate.
  5042 | D:4      | Found a runed translucent gate.
  5042 | D:4      | Noticed Asceticacid's ghost (novice OgBe)
  5054 | D:4      | Found a staircase to the Ecumenical Temple.
  5263 | D:4      | Noticed Pikel
  5277 | D:4      | Killed Pikel
  5278 | D:4      | Reached XP level 9. HP: 47/47 MP: 10/10
  5518 | Temple   | Entered the Ecumenical Temple
  5613 | D:3      | Noticed Terence
  5618 | D:3      | Killed Terence
  5735 | D:3      | Found a transporter.
  6239 | D:6      | Got a distressingly furry scale mail
  6414 | D:6      | Identified a scroll of acquirement
  6414 | D:6      | Acquired the amulet of Ivvaosma {rPois rC+ Regen+ Dex+3}
  6627 | D:7      | Found a basalt altar of Yredelemnul.
  6797 | D:7      | Identified the +5 scale mail "Cusiarph" {rCorr Str+2} (You
                  | found it on level 6 of the Dungeon)
  6841 | D:7      | Found a burning altar of Makhleb.
  7020 | D:8      | Found Zihok Ciq's Gadget Shoppe.
  7021 | D:8      | Found Wuthah's Jewellery Shoppe.
  7027 | D:8      | Found Pouruaru's Book Shoppe.
  7029 | D:8      | Found Sotyovua's Jewellery Shoppe.
  7122 | D:8      | Found an ornate altar of the Wu Jian Council.
  7233 | D:8      | Noticed a two-headed ogre
  7241 | D:8      | Killed a two-headed ogre
  7242 | D:8      | Reached skill level 5 in Armour
  7242 | D:8      | Reached skill level 5 in Dodging
  7247 | D:8      | Reached XP level 10. HP: 53/53 MP: 9/11
  7413 | D:8      | Noticed a moth of wrath
  7420 | D:8      | Identified the +2 giant club of Extremism {flame, Str+7}
  7420 | D:8      | Identified the cursed +0 halberd "Leviticus" {antimagic,
                  | Str+4}
  7420 | D:8      | Noticed a tengu warrior
  7426 | D:8      | Noticed SolusNox's ghost (novice TrMo)
  7439 | D:8      | Reached ***** piety under Trog
  7443 | D:8      | Found a bloodstained altar of Trog.
  7572 | D:8      | Found a transporter.
  7574 | D:8      | Found a transporter.
  7852 | D:8      | Found a glowing golden altar of the Shining One.
  8362 | D:9      | Noticed Erica
  8383 | D:9      | Killed Erica
  8582 | D:9      | Killed an unseen horror
  8596 | D:9      | Reached XP level 11. HP: 59/59 MP: 12/12
  8617 | D:9      | Found a shimmering blue altar of Sif Muna.
  8645 | D:9      | Found a staircase to the Lair.
  8973 | D:10     | Entered Level 10 of the Dungeon
  9074 | D:10     | Received a gift from Trog
  9245 | D:10     | Got an encrusted chain mail
  9245 | D:10     | Noticed Nergalle
  9260 | D:10     | Killed Nergalle
  9515 | D:10     | Noticed Grum
  9540 | D:10     | Killed Grum
  9559 | D:10     | Found a flagged portal.
  9564 | D:10     | Killed an unseen horror
  9570 | Bailey   | Entered a bailey
 10408 | Lair:1   | Entered Level 1 of the Lair of Beasts
 10421 | Lair:1   | Identified the cursed +0 chain mail of Byrphyq {SInv} (You
                  | found it on level 10 of the Dungeon)
 10435 | Lair:1   | Reached skill level 1 in Shields
 10474 | Lair:1   | Gained mutation: You are frail. (-10% HP) [potion of
                  | mutation]
 10474 | Lair:1   | Gained mutation: You are resistant to electric shocks.
                  | (rElec) [potion of mutation]
 10474 | Lair:1   | Gained mutation: You passively map a small area around you.
                  | [potion of mutation]
 10500 | Lair:1   | Gained mutation: You heal very quickly. [Vine Stalker
                  | growth]
 10500 | Lair:1   | Reached XP level 12. HP: 59/59 MP: 13/13
 10802 | Lair:1   | Reached ****** piety under Trog
 10960 | Lair:1   | You fall into a shaft and drop 1 floor!
 11080 | Lair:2   | Reached skill level 5 in Shields
 11385 | Lair:2   | Received a gift from Trog
 11417 | Lair:2   | Reached skill level 10 in Fighting
 11738 | Lair:1   | Noticed an eight-headed hydra
 11749 | Lair:1   | Killed a seven-headed hydra
 12002 | Lair:2   | Noticed an eight-headed hydra
 12014 | Lair:2   | Killed an eight-headed hydra
 12048 | Lair:2   | Got a crystal arbalest
 12249 | Lair:2   | Reached XP level 13. HP: 64/64 MP: 14/14
 12700 | Lair:3   | Found a gate leading to a gauntlet.
 12724 | Gauntlet | Entered a Gauntlet
 12724 | Gauntlet | Found a transporter.
 12724 | Gauntlet | Found a transporter.
 12735 | Gauntlet | Found a transporter.
 12745 | Gauntlet | Found a transporter.
 12813 | Gauntlet | Found a transporter.
 12813 | Gauntlet | Found a transporter.
 12816 | Gauntlet | Found a transporter.
 12838 | Gauntlet | Found a transporter.
 12851 | Gauntlet | Found a transporter.
 12873 | Gauntlet | Found a transporter.
 12909 | Gauntlet | Found a transporter.
 12995 | Gauntlet | Found a transporter.
 13289 | Gauntlet | Got a pair of brightly glowing boots
 13299 | Gauntlet | Identified the +0 pair of boots "Cuiframo" {rF++ rN+ Dex-4}
                  | (You found it in a Gauntlet)
 13327 | Gauntlet | Identified the +6 fire dragon scales of the Vacuum {rF++
                  | rC- Will- Regen+ Dex+8 Stlth-}
 13327 | Gauntlet | Noticed a minotaur
 13336 | Gauntlet | Killed a minotaur
 13398 | Gauntlet | Identified the Catalogue of Lightness
 13469 | Lair:3   | Found the +2 cloak of the Thief {*Fog Slay-2 SInv Stlth+}
 13723 | Lair:3   | Found a hole to the Spider Nest.
 13924 | Lair:4   | Received a gift from Trog
 14062 | Lair:4   | Found a staircase to the Shoals.
 14217 | Lair:4   | Reached skill level 10 in Armour
 14899 | Lair:5   | Reached XP level 14. HP: 71/71 MP: 15/15
 15025 | Lair:5   | Reached skill level 10 in Shields
 15228 | Lair:6   | Entered Level 6 of the Lair of Beasts
 15454 | Lair:6   | Received a gift from Trog
 15521 | Lair:6   | HP: 3/71 [five-headed hydra (7)]
 15522 | Lair:6   | Killed from afar by a wind drake

Illustrated notes

Levels and vault maps discovered:
D:1:      dpeg_arrival_connections, layout_rooms
D:2:      layout_loops_ring, lemuel_doored_altar, grunt_ministairs_15,
          roderic_serpentine_path, okawaru_altar_gauntlet_db
D:3:      layout_loops_ring, general_overflow_altar,
          gammafunk_temple_overflow_arena, dk_yredelemnul_ordeal, uniq_terence
D:4:      layout_basic, temple_statues, gammafunk_ghost_split, uniq_pikel,
          uniq_duvessa
D:5:      layout_rooms, lemuel_round_altar, gammafunk_temple_overflow_claw,
          chequers_temple_overflow_statue_of_worship, minivault_24,
          uniq_grinder, uniq_ijyb
D:6:      layout_basic, nicolae_ossuary_entry_false_entrances
D:7:      layout_rooms, kennysheep_mini, makhleb_heckhound_becter
D:8:      layout_loops_corners, marbit_many_paths, basic_altar,
          gammafunk_ghost_wrathful_warriors, minmay_shop_grid_forest,
          chequers_hall_statues_corner_a
D:9:      layout_cave_pools, led_sif_book, due_lair_maze_entry_diamond,
          serial_ice, serial_ice_f, serial_ice_l, serial_ice_e, serial_ice_a,
          uniq_erica
D:10:     layout_long_grid, enter_bailey_3, uniq_nergalle, uniq_grum
Temple:   compressed_dpeg_triangle_lava_temple
Lair:1:   layout_concentric_octagons
Lair:2:   layout_chaotic_city, serial_rivers, chequers_serial_rivers_room_b,
          chequers_serial_rivers_micro_e, chequers_serial_rivers_small_3,
          chequers_serial_rivers_micro_c, chequers_serial_rivers_small_3
Lair:3:   layout_misc_corridors, spider_nest_entry_funnel_web,
          gauntlet_entry_generic, lemuel_fruit_fields
Lair:4:   layout_cave_pods, minmay_shoals_entry_beasts, grunt_megastairs_5
Lair:5:   layout_long_grid, minmay_slime_entry_oklob_enclosed
Lair:6:   gammafunk_lair_ancient_temple, layout_small_grid, serial_bayou_shore_b

Skill      XL: |  1  2  3  4  5  6  7  8  9 10 11 12 13 14 |
---------------+-------------------------------------------+-----
Fighting       | 3 4 5 6 7 9 10 11 | 11.8
Short Blades   | 3 4 5 6 7 8 |  8.1
Dodging        | 2 3 4 5 6 7 |  7.9
Armour         | 2 3 4 5 6 7 9 10 | 10.6
Throwing       | 1 2 4 |  4.6
Shields        | 1 6 9 11 | 11.1
Stealth        | |  0.4

Action                   |  1- 3 |  4- 6 |  7- 9 | 10-12 | 13-15 || total
-------------------------+-------+-------+-------+-------+-------++-------
Melee: Short sword       |   114 |   241 |   249 |       |       ||   604
       Bite              |    30 |    77 |   133 |   378 |   374 ||   992
       Dagger            |       |       |    97 |   271 |    40 ||   408
       Quick blade       |       |       |       |   488 |   565 ||  1053
       Scimitar          |       |       |       |     3 |       ||     3
Throw: Javelin           |       |       |     3 |     3 |       ||     6
       Boomerang         |       |       |       |     2 |     9 ||    11
Invok: Berserk           |     4 |     2 |     7 |    10 |     6 ||    29
       Trog's Hand       |       |       |     1 |       |       ||     1
       Brothers in Arms  |       |       |       |       |     2 ||     2
  Use: Scroll            |     1 |       |    13 |     8 |     5 ||    27
       Potion            |       |     6 |     1 |     5 |       ||    12
 Stab: Invisible         |       |     1 |       |       |       ||     1
Armor: Animal skin       |     5 |       |       |       |       ||     5
       Ring mail         |    14 |       |       |       |       ||    14
       Plate armour      |    25 |    98 |   101 |       |       ||   224
       Scale mail        |       |       |    47 |   303 |    76 ||   426
       Fire dragon scale |       |       |       |       |    68 ||    68
Dodge: Dodged            |    67 |    58 |   151 |   449 |   156 ||   881
Block: Buckler           |       |       |       |    42 |    27 ||    69
       Tower shield      |       |       |       |       |   243 ||   243

Table legend: (Time is in decaauts)
 A = Elapsed time spent in this place.
 B = Non-inter-level travel time spent in this place.
 C = Inter-level travel time spent in this place.
 D = Time resting spent in this place.
 E = Time spent auto-exploring this place.
 F = Levels seen in this place.
 G = Mean time per level.
                   A        B        C        D        E       F      G
               +--------+--------+--------+--------+--------+-----+--------+
         Total |  14777 |  13966 |    811 |   2059 |   7859 |  20 |  738.8 |
       Dungeon |   9087 |   8388 |    699 |   1334 |   5039 |  10 |  908.7 |
        Temple |      1 |      1 |      0 |      0 |      0 |   1 |    1.0 |
          Lair |   3991 |   3879 |    112 |    455 |   2427 |   6 |  665.2 |
       Ossuary |    579 |    579 |      0 |    137 |    257 |   1 |  579.0 |
        Bailey |    450 |    450 |      0 |    128 |    136 |   1 |  450.0 |
      Gauntlet |    666 |    666 |      0 |      5 |      0 |   1 |  666.0 |
               +--------+--------+--------+--------+--------+-----+--------+

Top non-repeatable levels by time:
     D:1: 1343 daAuts
     D:8: 1262 daAuts
     D:4: 1207 daAuts
     D:2: 1136 daAuts
  Lair:4: 1008 daAuts
     D:6: 954 daAuts
  Lair:2: 925 daAuts
     D:3: 908 daAuts
  Lair:1: 886 daAuts
     D:9: 685 daAuts
Gauntlet: 666 daAuts
  Lair:3: 625 daAuts
 Ossuary: 579 daAuts
    D:10: 561 daAuts
     D:5: 523 daAuts
